 Dungeon Crawl Stone Soup version 0.20-b1 (webtiles) character file.

48 Inarius the Covered (level 3, 0/33 HPs)
             Began as a Minotaur Fighter on May 18, 2017.
             Slain by Grinder (7 damage)
             ... on level 3 of the Dungeon.
             The game lasted 00:02:46 (1060 turns).

Inarius the Covered (Minotaur Fighter)              Turns: 1060, Time: 00:02:46

Health: 0/33       AC:  0    Str: 20    XL:     3   Next: 50%
Magic:  2/2        EV: 13    Int:  5    God:
Gold:   103        SH:  0    Dex: 10    Spells: 2/2 levels left

rFire    . . .     SeeInvis .   (weapon currently unavailable)
rCold    . . .     Gourm    .   (shield currently unavailable)
rNeg     . . .     Faith    .   (armour currently unavailable)
rPois    .         Spirit   .   (helmet currently unavailable)
rElec    .         Reflect  .   (cloak currently unavailable)
rCorr    .         Harm     .   (gloves currently unavailable)
MR       .....                  (boots currently unavailable)
Stlth    +.........             g - amulet of magic regeneration
Regen    0.2/turn               (ring currently unavailable)
MPRegen  0.2/turn               (ring currently unavailable)

@: pig-form (expiring), very quick
A: (retaliatory headbutt)
a: no special abilities


You were on level 3 of the Dungeon.
You were hungry.
You were a filthy swine.
You visited 1 branch of the dungeon, and saw 3 of its levels.

You collected 103 gold pieces.

Inventory:

Hand Weapons
 a - a +0 long sword (melded)
Armour
 c - a +0 shield (melded)
 t - a +0 chain mail (melded)
Jewellery
 g - an amulet of magic regeneration (around neck)
Wands
 u - a wand of random effects (27/48)
Scrolls
 b - a scroll of magic mapping {unknown}
 e - 2 scrolls of teleportation {unknown}
 j - 4 scrolls of remove curse {unknown}
 k - 2 scrolls of identify {unknown}
 l - a scroll of immolation {unknown}
 m - a scroll of fear {unknown}
 o - 2 scrolls of recharging {unknown}
 s - a scroll of enchant armour {unknown}
Potions
 d - a potion of might
 h - 3 potions of curing {unknown}
 r - a potion of heal wounds {unknown}
 v - a potion of lignification {unknown}
Books
 q - a book of Misfortune

   Spells                             Type                      Level
   a - Confusing Touch                Hexes                        1
   b - Confuse                        Hexes                        3
   c - Gell's Gravitas                Translocation                3
   d - Petrify                        Transmutation/Earth          4
   e - Metabolic Englaciation         Hexes/Ice                    5
   f - Yara's Violent Unravelling     Hexes/Transmutation          5
Comestibles
 f - 2 bread rations
 i - 2 fruits
 n - 2 chunks of flesh
 p - 2 royal jellies


   Skills:
 + Level 3.9 Fighting
 + Level 3.3 Long Blades
 + Level 4.1 Armour
 + Level 0.9 Dodging
 + Level 4.1 Shields


You had 2 spell levels left.
You didn't know any spells.

Dungeon Overview and Level Annotations

Branches:
Dungeon (3/15)

Altars:
Nemelex Xobeh
Sif Muna

Annotations:
D:3 Grinder, Ijyb


Innate Abilities, Weirdness & Mutations

((You reflexively headbutt those who attack you in melee.))
((You have a pair of horns on your head.))


Message History

Pain shoots through your body!
Ijyb zaps a wand.
You turn into a filthy swine.
Your +0 long sword melds into your body.
Your +0 shield melds into your body.
Your +0 chain mail melds into your body.
Grinder gestures at you. Pain shoots through your body!
There is a stone staircase leading down here.
Grinder gestures at you.
You suddenly lose the ability to move!
Ijyb screams, "I cut your head off!"
Grinder says, "Don't move a muscle."
Grinder gestures at you. Pain shoots through your body!
* * * LOW HITPOINT WARNING * * *
You can move again.
Grinder blinks!
Your transformation is almost over.
Ijyb zaps a wand.
Grinder hits you!
You die...

####.# .# ###### .
#....# .
###....#########
##..............#
######.......#######.#
#.........)..# #.# ##
#............# #.# .#
#.g§...h.##### #.# .#
####.#.....5# #.#
.######....#......#
#.#
.........##########
#.# ..#.#.#..# #.#
.........# #.#
..#.#.#..# #.#
#........# #.#
#.#.#.#..# #.#


You could see Grinder and Ijyb.

Vanquished Creatures
  A worm (D:3)
  3 leopard geckos
  An orc (D:3)
  2 giant cockroaches
  5 goblins
  7 hobgoblins
  A jackal (D:1)
  A quokka (D:3)
  4 bats
  4 frilled lizards
  3 kobolds (D:1)
  7 rats
39 creatures vanquished.

Notes
Turn   | Place    | Note
-------+----------+-------------------------------------------
     0 | D:1      | Inarius the Minotaur Fighter began the quest for the Orb.
     0 | D:1      | Reached XP level 1. HP: 19/19 MP: 0/0
   158 | D:1      | Reached XP level 2. HP: 27/27 MP: 1/1
   415 | D:2      | Found a deep blue altar of Sif Muna.
   530 | D:2      | Reached XP level 3. HP: 32/33 MP: 2/2
   594 | D:2      | Found a sparkling altar of Nemelex Xobeh.
  1000 | D:3      | Noticed Grinder
  1003 | D:3      | Noticed Ijyb
  1050 | D:3      | Paralysed by Grinder for 6 turns
  1060 | D:3      | Slain by Grinder

Skill      XL: |  1  2  3 |
---------------+----------+-----
Armour         | 4 |  4.1
Shields        | 4 |  4.1
Long Blades    | 3 |  3.3
Fighting       | |  3.9
Dodging        | |  0.9

Action                   || total
-------------------------++-------
Melee: Long sword        ||    85
       Headbutt          ||     9
Armor: Scale mail        ||    18
       Ring mail         ||     7
       Chain mail        ||    12
Dodge: Dodged            ||    25
Block: Shield            ||    38
       Rpst.: Long sword ||     4
